 Dungeon Crawl Stone Soup version 0.17-a0-1393-gcb420ff (webtiles) character file.

89 Hanyuu the Insei (level 4, -9/28 HPs)
             Began as an Octopode Transmuter on June 16, 2015.
             Mangled by Borgoz's ghost (15 damage)
             ... on level 3 of the Dungeon.
             The game lasted 00:05:02 (1718 turns).

Hanyuu the Insei (Octopode Transmuter)              Turns: 1718, Time: 00:05:02

Health: -9/28      AC:  1    Str:  9    XL:     4   Next: 55%
Magic:  2/7        EV:  7    Int: 16    God:
Gold:   81         SH:  0    Dex: 12    Spells: 3 memorised, 1 level left

rFire  . . .     SeeInvis .       - Unarmed
rCold  . . .     Clarity  .     (no shield)
rNeg   . . .     SustAt   .     (helmet restricted)
rPois  .         Gourm    .     (no amulet)
rElec  .         Spirit   .     (no ring)
rCorr  .         Warding  .     (no ring)
rMut   .         Stasis   .     (no ring)
MR     .....                    (no ring)
Stlth  ++........               (no ring)
                                (no ring)
                                (no ring)
                                (no ring)

@: very slightly contaminated, not resistant to hostile enchantments, unstealthy
A: almost no armour, amphibious, 8 rings, constrict 8, camouflage 1, gelatinous
body 1
a: no special abilities


You were on level 3 of the Dungeon.
You were not hungry.

You visited 1 branch of the dungeon, and saw 3 of its levels.

You collected 81 gold pieces.

Inventory:

Missiles
 a - 23 arrows
 f - 10 arrows of flame
 h - 2 tomahawks (quivered)
Magical devices
 p - a wand of slowing (46)
Scrolls
 g - 2 scrolls of remove curse
Potions
 e - 3 potions of curing
Books
 b - a book of Changes

   Spells                             Type                      Level
   a - Beastly Appendage              Transmutation                1
   b - Sticks to Snakes               Transmutation                2
   c - Spider Form                    Transmutation/Poison         3
   d - Ice Form                       Ice/Transmutation            4
   e - Blade Hands                    Transmutation                5
 m - a book of Maledictions

   Spells                             Type                      Level
   a - Corona                         Hexes                        1
   b - Ensorcelled Hibernation        Hexes/Ice                    2
   c - Confuse                        Hexes                        3
   d - Tukima's Dance                 Hexes                        3
   e - Dazzling Spray                 Conjuration/Hexes            3
 o - a Fen Folio

   Spells                             Type                      Level
   a - Corpse Rot                     Necromancy                   2
   b - Stone Arrow                    Conjuration/Earth            3
   c - Leda's Liquefaction            Hexes/Earth                  4
   d - Summon Forest                  Summoning/Translocation      5
   e - Hydra Form                     Transmutation                6
   f - Summon Hydra                   Summoning                    7
Comestibles
 c - 2 bread rations
 j - a meat ration
 l - 5 chunks of flesh
 q - a slice of pizza


   Skills:
 - Level 1.0 Fighting
 - Level 2.0 Dodging
 * Level 5.1 Unarmed Combat
 - Level 2.0 Spellcasting
 + Level 2.1 Transmutations


You had one spell level left.
You knew the following spells:

 Your Spells              Type           Power        Failure   Level  Hunger
a - Beastly Appendage     Trmt           #.....       10%         1    #......
b - Sticks to Snakes      Trmt           #.........   14%         2    ###....
c - Spider Form           Trmt/Pois      #.........   38%         3    ###....


Dungeon Overview and Level Annotations

Branches:
Dungeon (3/15)

Altars:
Trog

Annotations:
D:3 Borgoz's ghost, average GrFi


Innate Abilities, Weirdness & Mutations

You cannot wear most types of armour.
You are amphibious.
You can wear up to eight rings at the same time.
You can use your tentacles to constrict eight enemies at once.
Your skin changes colour to match your surroundings (Stealth).
Your rubbery body absorbs attacks (AC +1).


Message History

Casting: Spider Form
Confirm with . or Enter, or press ? or * to list all spells.
You turn into a venomous arachnid creature.
You hit Borgoz's ghost but do no damage.
Borgoz's ghost hits you!
You hit Borgoz's ghost but do no damage.
Borgoz's ghost hits you!
Ouch! That really hurt!
* * * LOW HITPOINT WARNING * * *
Your transformation is almost over.
An adder comes into view.
You see here a club.
Borgoz's ghost ripples.
Some of the chunks of flesh in your inventory have rotted away.
You see here a bat skeleton.
Your transformation has ended.
There is a stone staircase leading up here.
Borgoz's ghost hits you!
Ouch! That really hurt!
You die...

#####.....#
#....)..#######
#.###.#.......#
#.# #.#.####...
#######.# #.#.#
#.....#.###.###
#.###.#.#...#
#.###.....### ###
#.##....#.).# #@#
#...##.##.#.###W#
###.#....÷#.÷...#
####.#############
.....# ######


You could see Borgoz's ghost.

Vanquished Creatures
  Crazy Yiuf (D:2)
  2 adders
  A worm (D:2)
  A giant gecko (D:2)
  2 giant cockroaches (D:2)
  6 goblins
  5 hobgoblins
  8 jackals
  A quokka (D:2)
  A bat (D:3)
  A giant newt (D:1)
  4 kobolds
  4 rats
37 creatures vanquished.

Notes
Turn   | Place    | Note
--------------------------------------------------------------
     0 | D:1      | Hanyuu the Octopode Transmuter began the quest for the Orb.
     0 | D:1      | Reached XP level 1. HP: 13/13 MP: 3/3
   116 | D:1      | Reached XP level 2. HP: 16/18 MP: 5/5
   655 | D:2      | Reached skill level 4 in Unarmed Combat
   669 | D:2      | Learned a level 2 spell: Sticks to Snakes
   706 | D:2      | Reached XP level 3. HP: 10/23 MP: 6/6
   903 | D:2      | Learned a level 3 spell: Spider Form
  1265 | D:2      | Noticed Crazy Yiuf
  1273 | D:2      | Killed Crazy Yiuf
  1273 | D:2      | Reached XP level 4. HP: 17/28 MP: 1/7
  1359 | D:2      | Reached skill level 5 in Unarmed Combat
  1615 | D:3      | Found a bloodstained altar of Trog.
  1658 | D:3      | Noticed Borgoz's ghost (average GrFi)
  1718 | D:3      | Mangled by Borgoz's ghost

Vault maps used:
D:1:      elethiomel_arrival_shortcut
D:2:      first_bread, uniq_crazy_yiuf_cottage
D:3:      overflow_temple_1_default, uniq_terence

Action                   |  1- 3 |  4- 6 || total
-------------------------+-------+-------++-------
Melee: Unarmed           |    62 |    25 ||    87
 Cast: Beastly Appendage |     3 |     3 ||     6
       Spider Form       |     2 |     1 ||     3
  Use: Potion            |     1 |       ||     1
       Scroll            |       |     6 ||     6
 Stab: Sleeping          |     8 |       ||     8
  Eat: Chunk             |     1 |     2 ||     3
